 Dungeon Crawl Stone Soup version 0.28.0-53-g5a82cb258f (webtiles) character file.

Game seed: 15756623374677400282

89 Woods the Cudgeller (level 4, -9/28 HPs)
             Began as a Gargoyle Fighter on May 28, 2022.
             Mangled by an ogre
             ... wielding a +0 giant club
              (24 damage)
             ... on level 4 of the Dungeon.
             The game lasted 00:02:43 (3037 turns).

Woods the Cudgeller (Gargoyle Fighter)              Turns: 3037, Time: 00:02:44

Health: -9/28      AC: 10    Str: 19    XL:     4   Next: 55%
Magic:  4/4        EV:  9    Int:  9    God:
Gold:   116        SH:  4    Dex: 11    Spells: 3/3 levels left

rFire   . . .      SeeInvis .   a - +0 flail
rCold   . . .      Faith    .   c - +0 buckler
rNeg    + . .      Spirit   .   b - +0 scale mail
rPois   ∞          Reflect  .   (no helmet)
rElec   +          Harm     .   (no cloak)
rCorr   .          Rampage  .   (no gloves)
Will    .....                   (no boots)
Stlth   ..........              (no amulet)
HPRegen 0.09/turn               (no ring)
MPRegen 0.09/turn               (no ring)

@: mighty
A: sickness immunity, AC +3, negative energy resistance 1, electricity
resistance, torment resistance 1, petrification resistance
a: no special abilities


You were on level 4 of the Dungeon.
You visited 1 branch of the dungeon, and saw 4 of its levels.

You collected 116 gold pieces.

Inventory:

Hand Weapons
 a - a +0 flail (weapon)
Armour
 b - a +0 scale mail (worn)
 c - a +0 buckler (worn)
Jewellery
 f - a ring of protection from cold
 k - an amulet of guardian spirit
 p - a ring of resist corrosion
Wands
 r - a wand of flame (7)
Scrolls
 e - a scroll of enchant weapon {unknown}
 h - 2 scrolls of identify {unknown}
 i - 2 scrolls of blinking {unknown}
 j - a scroll of immolation {unknown}
 n - a scroll of teleportation {unknown}
 o - a scroll of fear {unknown}
 s - a scroll of summoning {unknown}
Potions
 g - 2 potions of curing {unknown}
 l - a potion of lignification {unknown}
 m - 2 potions of magic {unknown}
 q - a potion of cancellation {unknown}
 t - a potion of heal wounds {unknown}


   Skills:
 - Level 3.2 Fighting
 + Level 4.6 Maces & Flails
 - Level 3.2 Armour
 - Level 3.2 Shields


You had 3 spell levels left.
You didn't know any spells.
Your spell library contained the following spells:

 Spells                   Type           Power      Damage    Failure   Level
 Frozen Ramparts          Ice            0%         1d2       99%         3
 Ice Form                 Ice/Tmut       0%         N/A       100%        4
 Olgreb's Toxic Radiance  Pois           0%         N/A       100%        4
 Summon Ice Beast         Ice/Summ       0%         N/A       100%        4
 Ozocubu's Refrigeration  Ice            0%         4d5       100%        7
 Ignition                 Fire           0%         3d3       100%        8


Dungeon Overview and Level Annotations

Branches:
Dungeon (4/15)
 Temple: D:4-7

Altars:
Vehumet

Annotations:
D:4 3 runed translucent doors, Dillybarz's ghost, amateur MiFi; roboicarus's ghost, amateur OpBr; slughead422's ghost, amateur MiGl


Innate Abilities, Weirdness & Mutations

You are immune to sickness and miasma.
Your stone body is resilient. (AC +3)
You are immune to poison.
You resist negative energy. (rN+)
You are resistant to electric shocks. (rElec)
You are resistant to unholy torment.
You are immune to petrification.


Message History

The jackal closely misses you.
You closely miss the jackal. The jackal completely misses you.
The jackal bites you but does no damage.
You miss the jackal.
The jackal bites you but does no damage.
You miss the jackal. You block the jackal's attack.
The jackal closely misses you.
You closely miss the jackal. The jackal barely misses you.
The jackal bites you but does no damage.
You thump the jackal!
You kill the jackal!
The jackal misses you.
You thump the jackal!
You kill the jackal!
Things that are here:
a jackal corpse; a jackal corpse
t - an orange potion
Things that are here:
a jackal corpse; a jackal corpse An ogre comes into view.
It is wielding a +0 giant club.
The ogre shouts!
An ogre is nearby!
An ogre is nearby!
An ogre is nearby!
You barely miss the ogre. The ogre hits you with a +0 giant club!
Ouch! That really hurt!
You hit the ogre.
The ogre is lightly wounded.
The ogre barely misses you.
You hit the ogre but do no damage.
The ogre is lightly wounded.
The ogre barely misses you.
Things that are here:
a jackal corpse; a jackal corpse
There is a stone staircase leading up here.
The ogre closely misses you.
You feel very mighty all of a sudden.
The ogre hits you with a +0 giant club!!
Ouch! That really hurt!
You die...

..## ##.........#
...# #.........#
...## ##........#
....# ##.......#
...## ####....#
...# ####.# #..#
#.# #..## #O##
#...# ##@# ##..#
### ##..## #....#
#....# .#...##
##....# ######
#....#######....#
#.....#........##


You could see an ogre.

Vanquished Creatures
  2 adders (D:3)
  A worm (D:3)
  3 dart slugs
  2 orcs (D:3)
  3 bats
  3 endoplasms
  3 giant cockroaches
  7 goblins
  7 hobgoblins
  3 jackals (D:4)
  2 quokkas
  6 ball pythons
  2 frilled lizards (D:1)
  5 kobolds
  6 rats
55 creatures vanquished.

Notes
Turn   | Place    | Note
-------+----------+-------------------------------------------
     0 | D:1      | Woods the Gargoyle Fighter began the quest for the Orb.
     0 | D:1      | Reached XP level 1. HP: 14/14 MP: 1/1
   167 | D:1      | Reached XP level 2. HP: 19/19 MP: 2/2
   245 | D:1      | Reached skill level 3 in Maces & Flails
   365 | D:1      | Found a faded altar of an unknown god.
   804 | D:1      | Reached XP level 3. HP: 21/23 MP: 3/3
  1786 | D:3      | Found a radiant altar of Vehumet.
  1946 | D:3      | Reached skill level 4 in Maces & Flails
  2187 | D:3      | Reached XP level 4. HP: 28/28 MP: 4/4
  2796 | D:4      | Found a runed translucent gate.
  2796 | D:4      | Found a runed translucent gate.
  2796 | D:4      | Found a runed translucent gate.
  2797 | D:4      | Noticed Dillybarz's ghost (amateur MiFi)
  2797 | D:4      | Noticed roboicarus's ghost (amateur OpBr)
  2797 | D:4      | Noticed slughead422's ghost (amateur MiGl)
  2896 | D:4      | Noticed a necrophage
  3003 | D:4      | Noticed an ogre
  3037 | D:4      | Mangled by an ogre

Illustrated notes

Levels and vault maps discovered:
D:1:      giann_bridges, layout_rooms, ebering_ecumenical_altar_abandoned
D:2:      layout_basic, minmay_statues_item, minmay_misc_feat_enclosed
D:3:      layout_loops_corners, mainiacjoe_overflow_boulevard,
          grunt_decor_mini_mirrors
D:4:      layout_cave_pods, gammafunk_ghost_cemetery

Skill      XL: |  1  2  3 |
---------------+----------+-----
Maces & Flails | 3 4 |  4.6
Fighting       | |  3.2
Armour         | |  3.2
Shields        | |  3.2

Action                   |  1- 3 |  4- 6 || total
-------------------------+-------+-------++-------
Melee: Flail             |   113 |    41 ||   154
  Use: Potion            |       |     1 ||     1
Armor: Scale mail        |    55 |    18 ||    73
Dodge: Dodged            |    54 |    24 ||    78
Block: Buckler           |    27 |     7 ||    34
